 Dungeon Crawl Stone Soup version 0.25.1-8-g42b30a86e7 (webtiles) character file.

Game seed: 10668898360144651746

167208 Erymatos the Severer (level 17, -6/166 HPs)
             Began as a Minotaur Berserker on Dec 16, 2020.
             Was a High Priest of Trog.
             Hit by a silver javelin thrown by a merfolk javelineer (7 damage)
             ... on level 4 of the Shoals on Dec 18, 2020.
             The game lasted 00:53:57 (38298 turns).

Erymatos the Severer (Minotaur Berserker)          Turns: 38298, Time: 00:53:57

Health: -6/166     AC: 26    Str: 31    XL:     17   Next: 31%
Magic:  16/16      EV: 14    Int:  4    God:    Trog [*****.]
Gold:   2239       SH: 21    Dex: 11    Spells: 16/16 levels left

rFire    . . .     SeeInvis .   k - +7 broad axe (flame)
rCold    . . .     Gourm    .   Z - +0 tower shield
rNeg     . . .     Faith    +   X - +1 plate armour {MR+}
rPois    +         Spirit   .   (helmet restricted)
rElec    .         Reflect  .   W - +0 cloak {rPois}
rCorr    .         Harm     .   N - +1 pair of gloves {Str+3}
MR       ++...                  Y - +1 pair of boots {run}
Stlth    ..........             w - amulet of faith
HPRegen  0.37/turn              Q - ring of poison resistance
MPRegen  0.15/turn              T - +4 ring of evasion

@: berserk cooldown, hasted and slowed, quick
A: retaliatory headbutt, horns 2
a: Berserk, Trog's Hand, Brothers in Arms, Renounce Religion


You were on level 4 of the Shoals.
You worshipped Trog.
Trog was extremely pleased with you.
You were not hungry.

You visited 5 branches of the dungeon, and saw 28 of its levels.
You also visited: Ossuary and Ice Cave.

You collected 4193 gold pieces.
You spent 1954 gold pieces at shops.

Inventory:

Hand Weapons
 k - a +7 broad axe of flaming (weapon)
 E - the +10 battleaxe of Disorder {vorpal, *Slow +Inv rPois}
   (You found it in an ice cave)

   It inflicts extra damage upon your enemies.
   It protects you from poison.
   It lets you turn invisible.
   It may slow you when you take damage.
Armour
 N - a +1 pair of gloves of strength (worn)
 R - a +0 pair of gloves of dexterity
 W - a +0 cloak of poison resistance (worn)
 X - a +1 plate armour of magic resistance (worn)
 Y - a +1 pair of boots of running (worn)
 Z - a +0 tower shield (worn)
Jewellery
 b - an uncursed ring of protection from cold
 q - a cursed amulet of magic regeneration
 s - an uncursed amulet of the acrobat
 w - an amulet of faith (around neck)
 O - an uncursed ring of protection from fire
 Q - a ring of poison resistance (left hand)
 T - a +4 ring of evasion (right hand)
 U - an uncursed ring of positive energy
Wands
 d - a wand of flame (81)
 g - a wand of random effects (15)
 D - a wand of disintegration (8)
 F - a wand of clouds (2)
 I - a wand of paralysis (6)
 J - a wand of iceblast (27)
 L - a wand of polymorph (27)
 M - a wand of acid (26)
 P - a wand of digging (20)
Scrolls
 a - a scroll of torment
 j - 7 scrolls of enchant armour
 m - 17 scrolls of teleportation
 n - 6 scrolls of magic mapping
 p - a scroll of vulnerability {unknown}
 r - 5 scrolls of fear
 t - 9 scrolls of remove curse
 u - 7 scrolls of blinking
 v - 4 scrolls of immolation
 y - 2 scrolls of acquirement
 B - 4 scrolls of fog
 C - 2 scrolls of silence
 G - 7 scrolls of identify
Potions
 e - 7 potions of heal wounds
 f - 4 potions of lignification
 h - 10 potions of curing
 i - 4 potions of ambrosia
 l - 5 potions of haste
 o - 9 potions of flight
 x - 4 potions of mutation
 z - 9 potions of might
 A - a potion of invisibility {unknown}
 H - 2 potions of cancellation
 K - 2 potions of stabbing
 S - 3 potions of resistance
Comestibles
 c - 34 rations


   Skills:
 + Level 18.3 Fighting
 + Level 20.8 Axes
 + Level 17.6 Armour
 * Level 8.5 Dodging
 + Level 13.0 Shields


You had 16 spell levels left.
You didn't know any spells.
Your spell library was empty.

Dungeon Overview and Level Annotations

Branches:
Dungeon (15/15)            Temple (0/1) D:6            Lair (6/6) D:9
 Shoals (4/4) Lair:2        Snake (1/4) Lair:3        Slime (0/5) Lair:6
    Orc (2/2) D:9             Elf (0/3) Orc:2        Vaults (0/5) D:13
 Depths (0/5) D:15        Ossuary (visited)           IceCv (visited)

Altars:
Ashenzari
Dithmenos
Kikubaaqudgha
Nemelex Xobeh
Ru
Uskayaw
Vehumet
Xom
Yredelemnul
Beogh

Shops:
D:9 (   D:11 ?   Orc:1 (   Orc:2 ?%([   Shoals:2 [

Annotations:
D:13 1 runed translucent door
Shoals:4 Ilsuiw


Innate Abilities, Weirdness & Mutations

You reflexively headbutt those who attack you in melee.
You have a pair of horns on your head.


Message History

Your deep troll dies!
Your deep troll's corpse disappears in a puff of smoke!
The silver javelin pierces through you but does no damage.
* * * LOW HITPOINT WARNING * * *
You eat one of the 35 rations.
That ration really hit the spot!
The harpy screeches! x3; You hear a shout!
You block the harpy's attack. The harpy misses you.
The harpy closely misses you. You furiously retaliate!
You headbutt the harpy. You block the harpy's attack.
Your ogre hits the merfolk javelineer with a +0 giant club!!
The harpy closely misses you. You furiously retaliate!
You headbutt the harpy! The harpy claws you but does no damage.
The merfolk javelineer throws a javelin.
The javelin pierces through you!
* * * LOW HITPOINT WARNING * * *
Something hits you but does no damage.
The merfolk javelineer throws a silver javelin.
The silver javelin pierces through you!!
* * * LOW HITPOINT WARNING * * *
You die...

≈≈≈≈≈.. ≈≈≈≈≈≈≈≈#≈≈≈≈≈#.
≈......≈≈≈≈≈≈≈≈≈≈≈#≈≈≈#≈.
≈≈≈≈≈≈.≈≈≈≈≈≈≈≈≈mOm#≈#≈.≈
≈≈≈≈≈≈≈≈≈≈≈.≈≈≈≈≈≈§))≈≈≈.
PPP≈≈≈≈........≈≈≈≈≈≈≈≈≈.
P≈P≈≈≈≈......##..§≈≈≈≈≈≈.
P≈.≈≈...##..≈...(§≈≈≈≈≈≈#
≈...≈≈..####≈≈≈....≈≈≈≈≈#
≈....≈≈≈.###.≈.H@H..≈≈≈≈+
...#.≈≈≈≈......(([......#
≈≈...≈≈≈≈≈≈.((.(H{......#
≈≈..≈≈≈≈≈≈≈≈≈≈.........≈≈
≈≈≈.≈...≈..≈≈≈........≈≈≈
P≈≈≈≈......≈≈........≈≈≈≈
≈≈P≈...##.≈≈≈≈≈≈....≈≈≈≈≈
≈≈≈≈...##.≈≈≈≈≈≈≈≈≈≈≈≈≈≈≈
≈PP..####..≈≈≈≈≈≈≈≈≈≈


You could see 2 merfolk javelineers, 3 harpies and a friendly ogre (summoned,
berserk).

Vanquished Creatures
  A lich (D:13)
  Kirke (D:13)
  A nagaraja (Snake:1)
  2 frost giants
  The ghost of Gabix the Cleaver, a journeyman MiFi of Ashenzari (D:13)
  Snorg (Lair:5)
  A merfolk javelineer (Shoals:3)
  A fire dragon (Lair:6)
  An ettin (Orc:2)
  3 merfolk impalers
  Fannar (Orc:1)
  8 hydras
  4 vault guards (D:13)
  A death knight (D:14)
  A catoblepas (Lair:3)
  2 centaur warriors
  An alligator snapping turtle (Shoals:2)
  4 ogre magi
  A satyr (Shoals:3)
  17 two-headed ogres
  A merfolk aquamancer (Shoals:3)
  3 merfolk avatars
  4 naga sharpshooters (Snake:1)
  5 death yaks (Lair:6)
  Sonja (Lair:2)
  Urug (Lair:1)
  A shock serpent (Snake:1)
  A skeletal warrior (D:13)
  9 sea snakes
  6 unseen horrors
  2 deep trolls (Orc:2)
  A phantasmal warrior (D:13)
  An orc knight (D:15)
  2 lindwurms (Lair:6)
  10 harpies
  2 wolf spiders
  2 necromancers (D:13)
  16 ugly things
  A wolf spider (shapeshifter) (D:13)
  5 fauns
  A deep elf mage (D:13)
  6 manticores
  2 orc sorcerers
  2 salamanders (Snake:1)
  4 cyclopes
  4 water nymphs
  16 black mambas
  2 elephants (Lair:2)
  2 ice statues (IceCv)
  4 merfolk sirens
  6 torpor snails
  A guardian serpent (Lair:6)
  3 naga magi (Snake:1)
  A gargoyle (D:11)
  12 spiny frogs
  A yaktaur (D:15)
  A freezing wraith (D:14)
  3 kobold demonologists
  10 komodo dragons
  A rime drake (Lair:3)
  2 efreet
  A queen bee (Lair:2)
  3 tyrant leeches (Lair:6)
  14 polar bears
  11 hornets
  20 merfolk
  12 trolls
  2 wind drakes
  A dream sheep (shapeshifter) (D:15)
  18 blink frogs
  10 dream sheep
  12 hippogriffs
  A meliai zombie (D:15)
  Prince Ribbit (Lair:2)
  A spriggan (Lair:3)
  A snapping turtle (Shoals:2)
  A centaur simulacrum (D:13)
  49 yaks
  A shadow (D:11)
  17 wyverns
  5 wraiths
  Sigmund (D:5)
  3 vampires
  3 redbacks (Lair:6)
  2 steam dragons
  4 water elementals
  20 humans (D:13)
  8 basilisks
  A hungry ghost (D:9)
  5 hogs (D:13)
  11 nagas
  4 wargs
  22 water moccasins
  9 porcupines
  17 orc warriors
  A floating eye (shapeshifter) (D:14)
  3 black bears
  4 sky beasts
  11 ice beasts
  A phantom (D:9)
  11 centaurs
  32 ogres
  14 wolves
  12 crocodiles
  4 big kobolds
  19 bullfrogs
  A wyvern zombie (D:10)
  A wyvern skeleton (D:10)
  5 scorpions
  49 killer bees
  3 vampire bats (Lair:4)
  2 electric eels
  5 howler monkeys
  7 centaur zombies
  9 crimson imps
  9 hounds
  3 bullfrog skeletons
  14 orc priests
  2 human zombies (Ossuary)
  21 jellies
  25 orc wizards
  4 centaur skeletons
  4 iguanas
  12 worker ants
  4 hell rats (Lair:6)
  2 hound zombies (D:10)
  2 mummies (Ossuary)
  A howler monkey zombie (D:7)
  A worker ant zombie (D:6)
  A howler monkey skeleton (D:8)
  12 adders
  4 shadow imps
  3 oozes
  2 adder zombies (D:7)
  6 worms
  4 dart slugs
  5 leopard geckos
  81 orcs
  14 bats
  6 giant cockroaches
  7 goblins
  6 hobgoblins
  21 jackals
  9 quokkas
  3 ball pythons
  6 frilled lizards
  A goblin zombie (Ossuary)
  A hobgoblin zombie (Ossuary)
  A jackal zombie (D:5)
  11 kobolds
  2 kobold zombies (Ossuary)
  A leopard gecko skeleton (D:6)
  A leopard gecko zombie (D:5)
  2 orc zombies (Ossuary)
  10 rats
  3 fungi
  21 plants
1044 creatures vanquished.

Vanquished Creatures (collateral kills)
  2 merfolk javelineers (Shoals:4)
  A merfolk impaler (Shoals:3)
  A naga warrior (Snake:1)
  An alligator snapping turtle (Shoals:3)
  An anaconda (Snake:1)
  2 satyrs
  2 fauns (Shoals:3)
  A guardian serpent (Snake:1)
  2 water nymphs
  6 merfolk
  2 water elementals (Shoals:3)
  A naga (Snake:1)
22 creatures vanquished.

Vanquished Creatures (others)
  An adder (Snake:1)
  A ball python (Snake:1)
  16 fungi
  45 plants
63 creatures vanquished.

Grand Total: 1129 creatures vanquished

Notes
Turn   | Place    | Note
-------+----------+-------------------------------------------
     0 | D:1      | Erymatos the Minotaur Berserker began the quest for the
                  | Orb.
     0 | D:1      | Reached XP level 1. HP: 19/19 MP: 0/0
   380 | D:1      | Reached XP level 2. HP: 26/27 MP: 1/1
   458 | D:1      | Reached skill level 4 in Axes
   563 | D:1      | Reached ** piety under Trog
   695 | D:1      | Reached XP level 3. HP: 34/34 MP: 2/2
  1257 | D:2      | Reached XP level 4. HP: 27/41 MP: 3/3
  2363 | D:3      | Reached skill level 5 in Fighting
  2404 | D:3      | Reached skill level 5 in Axes
  2847 | D:4      | Reached XP level 5. HP: 27/48 MP: 4/4
  3114 | D:4      | Found a sand-covered staircase.
  3131 | Ossuary  | Entered an ossuary
  3255 | Ossuary  | Reached skill level 6 in Axes
  3263 | Ossuary  | Reached *** piety under Trog
  3263 | Ossuary  | Reached XP level 6. HP: 56/56 MP: 5/5
  4267 | D:5      | Entered Level 5 of the Dungeon
  4349 | D:5      | Noticed Sigmund
  4355 | D:5      | Killed Sigmund
  4355 | D:5      | Reached skill level 7 in Axes
  4357 | D:5      | Reached XP level 7. HP: 62/62 MP: 6/6
  5458 | D:5      | Reached **** piety under Trog
  5579 | D:5      | Found a sacrificial altar of Ru.
  5598 | D:6      | Reached skill level 8 in Axes
  5598 | D:6      | Reached skill level 5 in Armour
  5673 | D:6      | Reached XP level 8. HP: 63/70 MP: 7/7
  5917 | D:6      | Reached skill level 9 in Axes
  5968 | D:6      | Found a staircase to the Ecumenical Temple.
  6260 | D:6      | Reached skill level 1 in Shields
  6858 | D:7      | Reached skill level 10 in Axes
  6952 | D:7      | Noticed a hippogriff
  6962 | D:7      | Killed a hippogriff
  6962 | D:7      | Reached XP level 9. HP: 68/79 MP: 8/8
  7284 | D:7      | Found an ancient bone altar of Kikubaaqudgha.
  7837 | D:7      | Reached skill level 11 in Axes
  7894 | D:7      | Found a basalt altar of Yredelemnul.
  7896 | D:7      | Found a shattered altar of Ashenzari.
  7897 | D:7      | Found a shadowy altar of Dithmenos.
  7898 | D:7      | Found a shimmering altar of Xom.
  7900 | D:7      | Found a hide-covered altar of Uskayaw.
  8447 | D:8      | Found a radiant altar of Vehumet.
  8663 | D:8      | Reached ***** piety under Trog
  9467 | D:9      | Reached XP level 10. HP: 90/90 MP: 9/9
  9477 | D:9      | Reached skill level 12 in Axes
  9494 | D:9      | Found Yptut's Weapon Emporium.
  9494 | D:9      | Found a staircase to the Orcish Mines.
  9510 | D:9      | Found a staircase to the Lair.
  9856 | D:9      | Noticed a two-headed ogre
  9868 | D:9      | Killed a two-headed ogre
 10170 | D:9      | Received a gift from Trog
 10638 | D:10     | Entered Level 10 of the Dungeon
 10720 | D:10     | Reached skill level 13 in Axes
 10951 | D:10     | Found a runed translucent door.
 11168 | D:10     | Found a runed translucent door.
 11375 | D:10     | Killed an unseen horror
 11375 | D:10     | Reached skill level 10 in Armour
 11751 | D:10     | Noticed a centaur warrior
 11755 | D:10     | Killed a centaur warrior
 11755 | D:10     | Reached XP level 11. HP: 83/99 MP: 10/10
 11829 | D:10     | Got a slimy ring mail
 11844 | D:10     | Reached skill level 5 in Dodging
 11917 | D:10     | Identified the +1 ring mail "Wucebrynn" {rC+} (You found it
                  | on level 10 of the Dungeon)
 12019 | D:11     | Reached skill level 10 in Fighting
 12019 | D:11     | Reached skill level 14 in Axes
 12033 | D:11     | Killed an unseen horror
 12080 | D:11     | Found a flagged portal.
 12127 | D:11     | Found Hayvokol's Magic Scroll Boutique.
 12242 | D:11     | Bought a scroll of identify for 30 gold pieces
 12242 | D:11     | Bought a scroll of identify for 30 gold pieces
 12242 | D:11     | Bought a scroll of identify for 30 gold pieces
 12242 | D:11     | Bought a scroll of fog for 30 gold pieces
 12242 | D:11     | Bought a scroll of enchant armour for 112 gold pieces
 12296 | D:11     | Reached skill level 5 in Shields
 12714 | D:11     | Found a sparkling altar of Nemelex Xobeh.
 13320 | D:11     | Reached skill level 15 in Axes
 13603 | D:12     | Reached XP level 12. HP: 93/110 MP: 11/11
 13706 | D:12     | Noticed a six-headed hydra
 13718 | D:12     | Killed a two-headed hydra
 13956 | D:12     | Received a gift from Trog
 14863 | Lair:1   | Entered Level 1 of the Lair of Beasts
 14878 | Lair:1   | Noticed Urug
 14889 | Lair:1   | Killed Urug
 14889 | Lair:1   | Reached skill level 16 in Axes
 14949 | Lair:1   | You fall into a shaft and drop 1 floor!
 15231 | Lair:2   | Received a gift from Trog
 15923 | Lair:2   | Noticed Sonja
 15929 | Lair:2   | Killed Sonja
 16428 | Lair:2   | Found a staircase to the Shoals.
 16452 | Lair:2   | Reached XP level 13. HP: 54/119 MP: 12/12
 17114 | Lair:2   | Noticed Prince Ribbit
 17124 | Lair:2   | Killed Prince Ribbit
 18161 | Lair:3   | Reached skill level 17 in Axes
 18708 | Lair:3   | Found a staircase to the Snake Pit.
 20225 | Lair:4   | Received a gift from Trog
 20696 | Lair:5   | Noticed Snorg
 20703 | Lair:5   | Killed Snorg
 21392 | Lair:6   | Entered Level 6 of the Lair of Beasts
 21547 | Lair:6   | Found a staircase to the Slime Pits.
 21550 | Lair:6   | Reached XP level 14. HP: 130/130 MP: 13/13
 21618 | Lair:6   | Reached skill level 18 in Axes
 21899 | Lair:6   | Reached skill level 15 in Armour
 22034 | Lair:6   | Reached ****** piety under Trog
 22035 | Lair:6   | Received a gift from Trog
 22091 | Lair:6   | Paralysed by a hornet for 2 turns
 23247 | Lair:6   | Found a runed translucent door.
 23260 | Lair:6   | Paralysed by a hornet for 1 turns
 23861 | Lair:6   | Identified the Catalogue of Displaced Flames
 25034 | Orc:1    | Entered Level 1 of the Orcish Mines
 25045 | Orc:1    | Reached skill level 15 in Fighting
 25065 | Orc:1    | Noticed Fannar
 25071 | Orc:1    | Killed Fannar
 25074 | Orc:1    | Paralysed by an orc sorcerer for 4 turns
 25488 | Orc:1    | Found a roughly hewn altar of Beogh.
 25758 | Orc:2    | Entered Level 2 of the Orcish Mines
 25766 | Orc:2    | Received a gift from Trog
 26094 | Orc:2    | Found Illijewu's Magic Scroll Shoppe.
 26095 | Orc:2    | Found Defumu's Food Emporium.
 26112 | Orc:2    | Reached XP level 15. HP: 141/141 MP: 14/14
 26118 | Orc:2    | Reached skill level 19 in Axes
 26137 | Orc:2    | Received a gift from Trog
 26400 | Orc:2    | Found Siash's Antique Weapon Boutique.
 26411 | Orc:2    | Bought a scroll of enchant armour for 112 gold pieces
 26411 | Orc:2    | Bought a scroll of identify for 30 gold pieces
 26411 | Orc:2    | Bought a scroll of identify for 30 gold pieces
 26411 | Orc:2    | Bought a scroll of identify for 30 gold pieces
 26411 | Orc:2    | Bought a scroll of identify for 30 gold pieces
 26424 | Orc:2    | Found a staircase to the Elven Halls.
 26465 | Orc:2    | Found Naona's Antique Armour Shoppe.
 26478 | Orc:2    | Bought a pair of boots for 139 gold pieces
 26742 | Orc:1    | Found Niatanwo's Antique Weapon Shop.
 27004 | D:13     | Noticed Kirke
 27021 | D:13     | Killed Kirke
 27173 | D:13     | Identified the +6 trident of Irrepressible Laughter
                  | {freeze, +Blink rF- rC+}
 27238 | D:13     | Found a gate to the Vaults.
 27525 | D:13     | Found a runed translucent door.
 27525 | D:13     | Noticed a lich
 27528 | D:13     | Found a runed translucent door.
 27531 | D:13     | Noticed Gabix's ghost (journeyman MiFi)
 27739 | D:13     | Noticed an azure jelly
 27742 | D:13     | Killed a lich
 27756 | D:13     | Killed Gabix's ghost
 28047 | D:14     | Found a frozen archway.
 28070 | IceCv    | Entered an ice cave
 28218 | IceCv    | Reached skill level 10 in Shields
 28339 | IceCv    | Noticed a frost giant
 28356 | IceCv    | Killed a frost giant
 28985 | IceCv    | Got a smouldering battleaxe
 28992 | IceCv    | Identified the +10 battleaxe of Disorder {vorpal, *Slow
                  | +Inv rPois} (You found it in an ice cave)
 29176 | D:14     | Reached XP level 16. HP: 128/155 MP: 15/15
 29307 | D:14     | Received a gift from Trog
 29313 | D:14     | Reached skill level 20 in Axes
 30014 | D:15     | Entered Level 15 of the Dungeon
 30992 | D:15     | Found a staircase to the Depths.
 31213 | D:15     | Identified a scroll of acquirement
 31576 | Snake:1  | Entered Level 1 of the Snake Pit
 31723 | Snake:1  | Received a gift from Trog
 33474 | Shoals:1 | Entered Level 1 of the Shoals
 34203 | Shoals:1 | Received a gift from Trog
 35329 | Shoals:2 | Found Ategiyg's Armour Shoppe.
 35378 | Shoals:2 | Bought a +1 pair of gloves of strength for 231 gold pieces
 35378 | Shoals:2 | Bought a +0 cloak of poison resistance for 119 gold pieces
 35378 | Shoals:2 | Bought a +1 plate armour of magic resistance for 490 gold
                  | pieces
 35378 | Shoals:2 | Bought a +1 pair of boots of running for 511 gold pieces
 35644 | Shoals:2 | Reached XP level 17. HP: 163/163 MP: 16/16
 35957 | Shoals:3 | Received a gift from Trog
 38154 | Shoals:4 | Entered Level 4 of the Shoals
 38286 | Shoals:4 | Noticed Ilsuiw
 38295 | Shoals:4 | HP: 6/166 [something (5)]
 38298 | Shoals:4 | HP: 1/166 [merfolk javelineer/silver javelin (19)]
 38298 | Shoals:4 | Hit by a silver javelin thrown by a merfolk javelineer

Illustrated notes

Levels and vault maps discovered:
D:1:      dpeg_arrival_round_a, layout_loops_ring, minmay_tetromino_s2
D:2:      layout_basic
D:3:      layout_basic
D:4:      layout_loops_ring, first_ration, nicolae_ossuary_entry_false_entrances
D:5:      layout_basic, nicolae_ru_path_of_blood, portal_sewer_entry_e,
          minmay_starry_boxes, uniq_sigmund
D:6:      layout_cave_pods, minmay_temple_entry_junction
D:7:      layout_basic, minitemple, basic_altar
D:8:      minmay_goldmine, layout_loops_cross, vehumet_altar_wand_db,
          hex_medium, kennysheep_nub
D:9:      layout_rooms, lair_entry_dummy, orc_david_3, minmay_quadrilaterals
D:10:     cheibrodos_histonic, layout_basic, blue_anna_alchemist
          [blue_anna_fruit_fields, blue_anna_fruit_fields]
D:11:     layout_basic, serial_shops, shop, enter_bailey_6,
          nemelex_diamond_rough_becter
D:12:     layout_roguey
D:13:     layout_basic, grunt_vaults_entry_tiered, muffindrake_ghost_dual_entry,
          uniq_kirke
D:14:     layout_roguey, portal_ice_cave_entry_ice_beasts, serial_bayou_crossing
D:15:     grunt_enter_depths_snipers, layout_loops_cross,
          hangedman_abyss_or_decor_lesser_grid, hangedman_decor_growths,
          wad_floor_pattern_1
Lair:1:   minmay_lair_venomous_thicket, layout_long_grid,
          gauntlet_entry_generic, serial_bayou_lagoon_a, lemuel_fruit_tree,
          uniq_harold, uniq_urug
Lair:2:   regret_index_tunnel_blossom, layout_layer_cave,
          elwin_shoals_entry_stream, uniq_sonja, uniq_prince_ribbit2
Lair:3:   layout_loops_ring, minmay_snake_entry_guardpost_small,
          serial_bayou_pond_b, chequers_serial_rivers_small_3,
          grunt_forest_stairs_clearing, grunt_megastairs_3
Lair:4:   layout_regular_city, nicolae_quartered_pool_super, roderic_batcave,
          columned_hall_lemuel, grunt_megastairs_5
Lair:5:   layout_roguey, uniq_snorg
Lair:6:   wormcave, layout_loops_ring, hangedman_lair_tendril_chambers,
          minmay_slime_entry_jelly_boxes
Shoals:1: layout_shoals
Shoals:2: layout_shoals, serial_shops, shop, nicolae_shoals_this_corrosion
Shoals:3: nicolae_shoals_island_circles, layout_shoals,
          nicolae_shoals_stone_sculpture_thing
Shoals:4: shoals_end_simple, layout_shoals, shoal_ilsuiw, gammafunk_ghost_grave,
          minmay_shop_enchanted_jewellery, uniq_nikola, uniq_polyphemus
Snake:1:  kennysheep_six_static_rooms, layout_cave_pods, grunt_ministairs_10,
          minmay_snake_pond
Orc:1:    layout_diamond_mine, basic_altar, serial_shops, shop, uniq_fannar
Orc:2:    st_orc_open, layout_diamond_mine

Skill      XL: |  1  2  3  4  5  6  7  8  9 10 11 12 13 14 15 16 17 |
---------------+----------------------------------------------------+-----
Fighting       | 4 5 6 7 8 9 11 12 13 15 17 18 | 18.3
Axes           | 4 5 6 7 8 10 11 13 15 16 17 18 19 20 | 20.8
Dodging        | 3 4 5 6 7 8 |  8.5
Armour         | 3 5 6 8 10 11 13 14 16 17 | 17.6
Shields        | 1 3 4 5 6 7 8 10 12 13 | 13.0

Action                   |  1- 3 |  4- 6 |  7- 9 | 10-12 | 13-15 | 16-18 || total
-------------------------+-------+-------+-------+-------+-------+-------++-------
Melee: Hand axe          |    62 |   153 |   454 |   104 |       |       ||   773
       Headbutt          |     9 |    36 |    83 |   104 |   179 |   107 ||   518
       Broad axe         |       |       |       |   449 |   864 |   600 ||  1913
Invok: Berserk           |     1 |     3 |     4 |     6 |     9 |     2 ||    25
       Trog's Hand       |       |       |       |     5 |       |     3 ||     8
       Brothers in Arms  |       |       |       |       |       |    11 ||    11
  Use: Scroll            |       |       |    11 |     8 |    11 |     3 ||    33
       Potion            |       |       |       |     2 |       |     3 ||     5
 Stab: Sleeping          |     1 |       |       |       |       |       ||     1
       Distracted        |       |       |       |       |       |     3 ||     3
  Eat: Chunk             |     1 |     3 |    20 |    26 |    41 |    21 ||   112
       Ration            |       |     3 |       |     2 |     2 |     5 ||    12
Armor: Animal skin       |    11 |     8 |       |       |       |       ||    19
       Ring mail         |       |    21 |    12 |       |       |       ||    33
       Chain mail        |       |       |   119 |       |       |       ||   119
       Plate armour      |       |       |    37 |   355 |   311 |   176 ||   879
Dodge: Dodged            |    40 |    77 |   174 |   223 |   334 |   225 ||  1073
Block: Buckler           |       |       |    52 |   118 |   142 |       ||   312
       Tower shield      |       |       |       |       |   121 |   517 ||   638
